 Dungeon Crawl Stone Soup version 0.30-a0-137-gd8773701ce (webtiles) character file.

Game seed: 6908495941666285277

18 ytrimaz the Chopper (level 2, -1/23 HPs)
             Began as a Demonspawn Gladiator on Sept 22, 2022.
             Succumbed to an adder's poison
             ... on level 2 of the Dungeon.
             The game lasted 00:00:56 (1394 turns).

ytrimaz the Chopper (Demonspawn Gladiator)          Turns: 1394, Time: 00:00:57

Health: -1/23      AC:  4    Str: 14    XL:     2   Next: 51%
Magic:  2/2        EV: 12    Int:  9    God:
Gold:   36         SH:  0    Dex: 14    Spells: 1/1 levels left

rFire   . . .      SeeInvis .    a - +0 war axe
rCold   . . .      Faith    .    (no shield)
rNeg    . . .      Spirit   .    b - +0 leather armour
rPois   .          Reflect  .    c - +0 helmet
rElec   .          Harm     .    (no cloak)
rCorr   +          Rampage  .    (no gloves)
Will    .....                    (no boots)
Stlth   +.........               (no amulet)
HPRegen 0.07/turn                g - ring of resist corrosion
MPRegen 0.08/turn                (no ring)

@: lethally poisoned (-1 -> -4)
A: demonic touch 1
a: no special abilities


You were on level 2 of the Dungeon.
You visited 1 branch of the dungeon, and saw 2 of its levels.

You collected 36 gold pieces.


Innate Abilities, Weirdness & Mutations

Your touch may inflict minor irresistible damage on your foes.


   Skills:
 * Level 2.8 Fighting
 + Level 3.0 Axes
 - Level 1.7 Throwing
 - Level 2.6 Dodging


You had one spell level left.
You didn't know any spells.
Your spell library contained the following spells:

 Spells                   Type           Power      Damage    Failure   Level
 Ignite Poison            Fire/Tmut/Pois 0%         N/A       83%         3
 Mephitic Cloud           Conj/Pois/Air  0%         N/A       83%         3
 Freezing Cloud           Conj/Ice/Air   0%         6-21      100%        5

Inventory:

Hand Weapons
 a - a +0 war axe (weapon)
Missiles
 d - 3 throwing nets (quivered)
 e - a javelin
Armour
 b - a +0 leather armour (worn)
 c - a +0 helmet (worn)
Jewellery
 g - a ring of resist corrosion (left hand)
   (You found it on level 1 of the Dungeon)
Scrolls
 f - a scroll of identify
Potions
 h - a potion of cancellation
 i - a potion of mutation {unknown}
 j - a potion of curing {unknown}

Dungeon Overview and Level Annotations

Branches:
Dungeon (2/15) Zot: 10587

Altars:

....?....#
#.#.....#
.#.......#
.........#
#.......######
#...........
#...B# ##.#S#
# #@# #.# #.#
#.# #.# #.#
#.# #.# #.#


You could see an adder and a giant cockroach.


Message History

A goblin is nearby!
You closely miss the goblin. Your touch misses the goblin.
The goblin closely misses you.
A goblin is nearby!
You slash the goblin!
You kill the goblin!
No target in view!
Things that are here:
a +0 club; a goblin corpse Unknown command.
f - a scroll labelled WOSTIZ FEGE A worm comes into view.
Unknown command.
A worm is nearby!
Blink to where?
Press: ? - help, Dir - move target, f - you Are you sure you want to cancel this blink? [Y]es or [N]o only, please.
Are you sure you want to cancel this blink? [Y]es or [N]o only, please.
Are you sure you want to cancel this blink? [Y]es or [N]o only, please.
Are you sure you want to cancel this blink?
Blink to where?
Press: ? - help, Dir - move target A hobgoblin comes into view.
As you read the scroll labelled WOSTIZ FEGE, it crumbles to dust.
It was a scroll of blinking.
The worm barely misses you.
You slash the worm!
The hobgoblin shouts!
You hit the worm.
You kill the worm!
Your Axes skill increases to level 3!
Unknown command.
Unknown command.
The hobgoblin barely misses you.
You barely miss the hobgoblin. The hobgoblin hits you. 😕 HP[-3]
You take 3 damage, and now have 20/23 hp.
You slash the hobgoblin!
You kill the hobgoblin!
You see here a hobgoblin corpse.
Unknown command.
Key pressed, stopping explore.
Unknown command. 😎 HP[+3]
Your hp is fully restored (23).
f - a scroll of identify An adder comes into view.
The adder hisses angrily.
A giant cockroach comes into view.
An adder comes into view.
There are monsters nearby!
The adder hisses angrily.
You completely miss the adder. Your touch misses the adder.
The adder closely misses you.
The giant cockroach bites you but does no damage.
The adder bites you but does no damage.
You closely miss the adder. Your touch misses the adder.
You closely miss the adder. You closely miss the giant cockroach.
The giant cockroach closely misses you. The adder bites you.
You are poisoned.
The adder poisons you! The adder completely misses you. The adder bites you.
You are more poisoned.
The adder poisons you!
The giant cockroach bites you but does no damage.
The adder bites you. 😮 HP[-8]
You take 8 damage, and now have 15/23 hp.
MASSIVE DAMAGE!! (PAUSE)
You feel very sick.
The giant cockroach misses you. 😮 HP[-3]
You take 3 damage, and now have 12/23 hp.
The adder attacks as you move away! The adder closely misses you.
You feel sick. 😨 HP[-2]
You take 2 damage, and now have 10/23 hp.
Unknown command.
You barely miss the adder.
You feel sick. The adder bites you.
* * * LOW HITPOINT WARNING * * *
The adder misses you. 😨 HP[-3]
You take 3 damage, and now have 7/23 hp.
You are too injured to fight recklessly!
You closely miss the adder.
You feel sick. The adder barely misses you. The adder bites you.
* * * LOW HITPOINT WARNING * * *
😱 HP[-5]
You take 5 damage, and now have 2/23 hp.
MASSIVE DAMAGE!! (PAUSE)
You are too injured to fight recklessly!
You completely miss the adder.
* * * LOW HITPOINT WARNING * * *
You feel sick. The adder closely misses you. 😱 HP[-1]
You take 1 damage, and now have 1/23 hp.
Unknown command.
Unknown command.
You hit the adder.
You die...

Skill      XL: |  1  2 |
---------------+-------+-----
Axes           | 3 |  3.0
Fighting       | |  2.8
Throwing       | |  1.7
Dodging        | |  2.6

Action                   || total
-------------------------++-------
Melee: War axe           ||    46
  Use: Scroll            ||     2
Armor: Leather armour    ||    13
Dodge: Dodged            ||    33

Levels and vault maps discovered:
D:1:      lemuel_arrival_tunnels, layout_basic, grunt_decor_junction,
          minmay_crystal_water
D:2:      layout_loops_ring, basic_altar, hellmonk_ecumenical_altar_lost_god

Notes
Turn   | Place    | Note
-------+----------+-------------------------------------------
     0 | D:1      | ytrimaz the Demonspawn Gladiator began the quest for the
                  | Orb.
     0 | D:1      | Reached XP level 1. HP: 16/16 MP: 1/1
     0 | D:1      | magus.rc [v1.9.6]
   258 | D:1      | You add the spells Ignite Poison, Mephitic Cloud and
                  | Freezing Cloud to your library.
   556 | D:1      | Gained mutation: Your touch may inflict minor irresistible
                  | damage on your foes. [demonic ancestry]
   556 | D:1      | Reached XP level 2. HP: 18/23 MP: 2/2
  1323 | D:2      | Reached skill level 3 in Axes
  1392 | D:2      | HP: 2/23 [adder (4)]
  1394 | D:2      | Succumbed to an adder's poison

Vanquished Creatures
  A worm (D:2)
  A dart slug (D:1)
  2 endoplasms (D:1)
  A goblin (D:2)
  A hobgoblin (D:2)
  A quokka (D:1)
  A ball python (D:1)
  A frilled lizard (D:1)
  2 kobolds (D:1)
  3 rats (D:1)
14 creatures vanquished.

Table legend:
 A = Non-vault XP
 B = Vault XP
 C = Vault XP percentage of total XP
 D = Non-vault monster count
 E = Vault monster count
 F = Vault count percentage of total count
                 A         B        C        D         E       F
            +---------+---------+-------+---------+---------+-------
      Total |      27 |       0 |   0.0 |      14 |       0 |   0.0
            +---------+---------+-------+---------+---------+-------
        D:1 |      18 |       0 |   0.0 |      11 |       0 |   0.0
        D:2 |       9 |       0 |   0.0 |       3 |       0 |   0.0
            +---------+---------+-------+---------+---------+-------

Illustrated notes

Table legend:
 A = Kills in this place as a percentage of kills in entire the game.
 B = Kills by you in this place as a percentage of kills by you in the entire game.
 C = Kills by friends in this place as a percentage of kills by friends in the entire game.
 D = Other kills in this place as a percentage of other kills in the entire game.
 E = Experience gained in this place as a percentage of experience gained in the entire game.
 F = Experience gained in this place divided by the number of levels of this place that you have seen.
                   A       B       C       D       E      F
               +-------+-------+-------+-------+-------+----------------------
         Total | 100.0 | 100.0 |   N/A |   N/A | 100.0 |  13.5
       Dungeon | 100.0 | 100.0 |   N/A |   N/A | 100.0 |  13.5
               +-------+-------+-------+-------+-------+----------------------

Table legend: (Time is in decaauts)
 A = Elapsed time spent in this place.
 B = Non-inter-level travel time spent in this place.
 C = Inter-level travel time spent in this place.
 D = Time resting spent in this place.
 E = Time spent auto-exploring this place.
 F = Levels seen in this place.
 G = Mean time per level.
                   A        B        C        D        E       F      G
               +--------+--------+--------+--------+--------+-----+--------+
         Total |   1412 |   1368 |     44 |      0 |   1225 |   2 |  706.0 |
       Dungeon |   1412 |   1368 |     44 |      0 |   1225 |   2 |  706.0 |
               +--------+--------+--------+--------+--------+-----+--------+

Top non-repeatable levels by time:
     D:1: 1308 daAuts
     D:2: 103 daAuts
